Connexion

OTTAWA Senators vs WASHINGTON Capitals

Created - 22 septembre 2023 at 07:48

Goals
1 2 3 T
OTTAWA Senators 0 1 2 3
WASHINGTON Capitals 3 2 0 5
Shots
1 2 3 T
OTTAWA Senators 3 11 16 30
WASHINGTON Capitals 12 6 9 27

GoalsPenalties
1st period
1. WASHINGTON Capitals , Nikita Kucherov 14 (Joel Hanley 16, Nick Jensen 3) at 3:57
2. WASHINGTON Capitals , Jared McCann 5 (Nikita Kucherov 14, Joel Hanley 17) at 16:31
3. WASHINGTON Capitals , Alex Killorn 6 (Haydn Fleury 5, Brandon Hagel 13) at 16:39
Evan Bouchard (OTT) for Tripping (Minor) at 4:33
Martin Necas (OTT) for Tripping (Minor) at 7:21
Haydn Fleury (WAS) for Hooking (Minor) at 10:28
John Tavares (OTT) for Holding (Minor) at 10:41
Sean Walker (WAS) for Hooking (Minor) at 11:50
2nd period
4. OTTAWA Senators , Robert Thomas 2 (Barrett Hayton 2, Filip Chytil 3) at 7:38
5. WASHINGTON Capitals , Jared McCann 6 (Shea Theodore 17) at 8:19
6. WASHINGTON Capitals , Nikita Kucherov 15 (Aleksander Barkov 16) at 18:14
Filip Gustavsson (OTT) for Delaying the game (Minor) at 13:13 - Peyton Krebs served the penalty.
3rd period
7. OTTAWA Senators , Alex Tuch 3 (John Tavares 7, Cale Makar 10) at 9:31
8. OTTAWA Senators , Cale Makar 6 (John Tavares 8, Travis Sanheim 11) at 11:41
John Tavares (OTT) for Hooking (Minor) at 5:49
Aleksander Barkov (WAS) for Hooking (Minor) at 16:44
Evan Bouchard (OTT) for Roughing (Minor) at 19:29
Goalie Stats
Filip Gustavsson (OTT), 11 saves from 12 shots - (0,917), 31:41 minutes
Connor Hellebuyck (OTT), 11 saves from 15 shots - (0,733), L, 7-8-1, 28:19 minutes
Jordan Binnington (WAS), 27 saves from 30 shots - (0,900), W, 9-3-2, 60:00 minutes
3 StarsOfficial
1 - Nikita Kucherov (WAS)
2 - Jared McCann (WAS)
3 - Joel Hanley (WAS)
Referees : Steve Kozari and Brad Meier
Linesman : Dan Schachte and Mark Pare
Game Note
Filip Gustavsson enters game at 8:19 of 2nd period
Finance
Level 1 -- Attendance: 4519 (75,32%) -- Ticket Income 745 635 $
Level 2 -- Attendance: 3824 (72,47%) -- Ticket Income 420 640 $
Level 3 -- Attendance: 1222 (61,10%) -- Ticket Income 103 870 $
Level 4 -- Attendance: 2338 (58,45%) -- Ticket Income 135 604 $
Luxury Box -- Attendance: 1000 (100,00%) -- Ticket Income 250 000 $
Game was played at the Verizon Center.
Total Attendance: 12903 (70,60%)
Total Ticket Income: 1 655 749 $
Other Income: 331 150 $
Total Income: 1 986 899 $



Team Name Goals Shots Shots Attemp Shots Blocked PIM HIT PP PK FO%
OTTAWA Senators 330621312220 / 3 (0%)054%
WASHINGTON Capitals 52773126200 / 6 (0%)046%

OTTAWA Senators
Player Name POS G A P +/- PIM HIT SHT SB MP PP MP PP SHT PK MP PK SHT FO% FOT
Adrian KempeC/LW/RW000-1032016:292:0800:000100% 1
Alex TuchC/RW1010013222:441:1315:170100% 1
Barrett HaytonC/LW011-1040010:330:0000:0000% 0
Cale MakarD1120005123:562:0014:4600% 0
Charlie McAvoyD0000021222:532:0004:4600% 0
Evan BouchardD000-2430214:510:0000:0000% 0
Filip ChytilC011-1002011:310:0000:00050% 14
John TavaresC0220402020:391:1204:43048% 29
Josh NorrisC000-1021116:230:0001:12069% 16
Mark KastelicC000003206:350:0000:00040% 5
Martin NecasC/RW000-1212017:472:0801:08050% 6
Owen TippettLW/RW000000106:350:0000:00050% 2
Peyton KrebsC/LW000000108:170:0001:2300% 1
Robert ThomasC/RW101-1003012:412:0800:0000% 1
Steven StamkosC/LW/RW0000004019:181:1313:090100% 2
Travis SanheimD0110020422:141:2103:4000% 0
Wyatt KaiserD000-2000114:530:0000:0000% 0
Zach WerenskiD0000011021:111:2113:4000% 0
WASHINGTON Capitals
Player Name POS G A P +/- PIM HIT SHT SB MP PP MP PP SHT PK MP PK SHT FO% FOT
Aleksander BarkovC0112203020:593:4000:00040% 25
Alex KillornC/LW/RW1011011016:070:0003:090100% 2
Andreas JohnssonLW/RW000-100008:390:0000:0000% 0
Brandon HagelLW0111030017:564:4600:1200% 1
Denis GurianovLW/RW000-1022014:344:4610:0000% 0
Dryden HuntC/LW000000007:300:0000:00050% 8
Frederick GaudreauC/RW0001003020:164:4602:32059% 27
Givani SmithRW000000107:170:0000:0000% 0
Haydn FleuryD0110202322:363:5222:1700% 0
Jared McCannC/LW2022022021:373:4000:37050% 4
Joel HanleyD0222012120:244:3411:0400% 0
Joel KivirantaLW000000107:420:0000:1200% 1
Mikey EyssimontC/LW000-1000010:250:0000:37022% 9
Nick JensenD0112041020:193:5211:4100% 0
Nikita KucherovRW2132017021:003:4000:0000% 1
Sean WalkerD0000240416:210:0000:0000% 0
Shea TheodoreD0110001323:564:3402:5400% 0
Slater KoekkoekD0000021116:220:0000:0000% 0



Play-by-Play

1st period


0:01 of 1st period - John Tavares wins face-off versus Jared McCann in neutral zone.
0:05 of 1st period - Icing by Shea Theodore.
0:06 of 1st period - Aleksander Barkov wins face-off versus Josh Norris in WASHINGTON Capitals zone.
0:43 of 1st period - Shot by Nikita Kucherov.
0:43 of 1st period - Stopped by Connor Hellebuyck without a rebound.
0:44 of 1st period - John Tavares wins face-off versus Frederick Gaudreau in OTTAWA Senators zone.
0:59 of 1st period - Shot by Frederick Gaudreau.
0:59 of 1st period - Shot Misses the Net.
1:01 of 1st period - Shot by Brandon Hagel.
1:01 of 1st period - Shot Blocked by Cale Makar.
1:03 of 1st period - Shot by Alex Killorn.
1:03 of 1st period - Shot Misses the Net.
1:05 of 1st period - Shot by Frederick Gaudreau.
1:05 of 1st period - Stopped by Connor Hellebuyck with a rebound.
1:12 of 1st period - Icing by John Tavares.
1:13 of 1st period - John Tavares wins face-off versus Mikey Eyssimont in OTTAWA Senators zone.
1:24 of 1st period - Steven Stamkos is hit by Slater Koekkoek and loses puck.
1:49 of 1st period - Shot by Robert Thomas.
1:49 of 1st period - Stopped by Jordan Binnington without a rebound.
1:50 of 1st period - Filip Chytil wins face-off versus Dryden Hunt in WASHINGTON Capitals zone.
2:06 of 1st period - Haydn Fleury is hit by Evan Bouchard and loses puck.
2:48 of 1st period - Shot by Aleksander Barkov.
2:48 of 1st period - Stopped by Connor Hellebuyck without a rebound.
2:49 of 1st period - Frederick Gaudreau wins face-off versus Mark Kastelic in OTTAWA Senators zone.
2:52 of 1st period - Shot by Frederick Gaudreau.
2:52 of 1st period - Shot Misses the Net.
3:20 of 1st period - Shot by Owen Tippett.
3:20 of 1st period - Stopped by Jordan Binnington without a rebound.
3:21 of 1st period - Josh Norris wins face-off versus Aleksander Barkov in WASHINGTON Capitals zone.
3:57 of 1st period - Shot by Nikita Kucherov.
3:57 of 1st period - Goal by Nikita Kucherov - OTTAWA Senators : 0 - WASHINGTON Capitals : 1.
3:58 of 1st period - John Tavares wins face-off versus Mikey Eyssimont in neutral zone.
4:20 of 1st period - Icing by Shea Theodore.
4:21 of 1st period - Owen Tippett wins face-off versus Mikey Eyssimont in WASHINGTON Capitals zone.
4:33 of 1st period - Minor Penalty to Evan Bouchard for Tripping.
4:34 of 1st period - Alex Tuch wins face-off versus Aleksander Barkov in OTTAWA Senators zone.
5:45 of 1st period - Shot by Haydn Fleury.
5:45 of 1st period - Stopped by Connor Hellebuyck without a rebound.
5:46 of 1st period - Martin Necas wins face-off versus Frederick Gaudreau in OTTAWA Senators zone.
6:59 of 1st period - Owen Tippett is hit by Slater Koekkoek.
7:10 of 1st period - Shot by Peyton Krebs.
7:10 of 1st period - Shot Misses the Net.
7:12 of 1st period - Shot by Evan Bouchard.
7:12 of 1st period - Shot Misses the Net.
7:14 of 1st period - Shot by Mark Kastelic.
7:14 of 1st period - Stopped by Jordan Binnington with a rebound.
7:21 of 1st period - Minor Penalty to Martin Necas for Tripping.
7:22 of 1st period - Aleksander Barkov wins face-off versus John Tavares in OTTAWA Senators zone.
8:23 of 1st period - Shot by Denis Gurianov.
8:23 of 1st period - Shot Blocked by Charlie McAvoy.
8:25 of 1st period - Shot by Nick Jensen.
8:25 of 1st period - Stopped by Connor Hellebuyck without a rebound.
8:26 of 1st period - John Tavares wins face-off versus Brandon Hagel in OTTAWA Senators zone.
9:24 of 1st period - Icing by Evan Bouchard.
9:25 of 1st period - Josh Norris wins face-off versus Dryden Hunt in OTTAWA Senators zone.
9:27 of 1st period - Icing by Wyatt Kaiser.
9:28 of 1st period - Josh Norris wins face-off versus Dryden Hunt in OTTAWA Senators zone.
9:38 of 1st period - Dryden Hunt is hit by Evan Bouchard and loses puck.
9:41 of 1st period - Shot by Joel Kiviranta.
9:41 of 1st period - Shot Blocked by Evan Bouchard.
9:43 of 1st period - Shot by Dryden Hunt.
9:43 of 1st period - Shot Blocked by Evan Bouchard.
9:45 of 1st period - Shot by Givani Smith.
9:45 of 1st period - Stopped by Connor Hellebuyck without a rebound.
9:46 of 1st period - Filip Chytil wins face-off versus Aleksander Barkov in OTTAWA Senators zone.
9:50 of 1st period - Icing by Cale Makar.
9:51 of 1st period - Jared McCann wins face-off versus Filip Chytil in OTTAWA Senators zone.
9:58 of 1st period - Haydn Fleury is hit by Barrett Hayton and loses puck.
10:28 of 1st period - Minor Penalty to Haydn Fleury for Hooking.
10:29 of 1st period - Frederick Gaudreau wins face-off versus John Tavares in WASHINGTON Capitals zone.
10:40 of 1st period - Shot by John Tavares.
10:40 of 1st period - Shot Blocked by Joel Hanley.
10:41 of 1st period - Minor Penalty to John Tavares for Holding.
10:42 of 1st period - Josh Norris wins face-off versus Mikey Eyssimont in OTTAWA Senators zone.
10:47 of 1st period - Shot by Denis Gurianov.
10:47 of 1st period - Shot Misses the Net.
11:10 of 1st period - Shot by Denis Gurianov.
11:10 of 1st period - Shot Blocked by Travis Sanheim.
11:26 of 1st period - Sean Walker is hit by Josh Norris and loses puck.
11:50 of 1st period - Minor Penalty to Sean Walker for Hooking.
11:51 of 1st period - Alex Killorn wins face-off versus Filip Chytil in WASHINGTON Capitals zone.
11:51 of 1st period - Alex Killorn is hit by Alex Tuch.
12:52 of 1st period - Icing by Martin Necas.
12:53 of 1st period - Frederick Gaudreau wins face-off versus Martin Necas in OTTAWA Senators zone.
12:56 of 1st period - Shot by Frederick Gaudreau.
12:56 of 1st period - Shot Misses the Net.
13:35 of 1st period - Shot by Cale Makar.
13:35 of 1st period - Shot Misses the Net.
13:51 of 1st period - Shot by Evan Bouchard.
13:51 of 1st period - Shot Misses the Net.
14:53 of 1st period - Off-side.
14:54 of 1st period - Josh Norris wins face-off versus Joel Kiviranta in neutral zone.
14:59 of 1st period - Shot by Adrian Kempe.
14:59 of 1st period - Shot Blocked by Sean Walker.
15:45 of 1st period - Icing by Dryden Hunt.
15:46 of 1st period - Dryden Hunt wins face-off versus John Tavares in WASHINGTON Capitals zone.
16:27 of 1st period - Shot by Jared McCann.
16:27 of 1st period - Deflect By Nikita Kucherov.
16:27 of 1st period - Shot Misses the Net.
16:29 of 1st period - Shot by Nikita Kucherov.
16:29 of 1st period - Shot Misses the Net.
16:31 of 1st period - Shot by Jared McCann.
16:31 of 1st period - Goal by Jared McCann - OTTAWA Senators : 0 - WASHINGTON Capitals : 2.
16:32 of 1st period - Frederick Gaudreau wins face-off versus Filip Chytil in neutral zone.
16:32 of 1st period - Brandon Hagel is hit by Barrett Hayton and loses puck.
16:39 of 1st period - Shot by Alex Killorn.
16:39 of 1st period - Goal by Alex Killorn - OTTAWA Senators : 0 - WASHINGTON Capitals : 3.
16:40 of 1st period - Frederick Gaudreau wins face-off versus Josh Norris in neutral zone.
16:40 of 1st period - Frederick Gaudreau is hit by Adrian Kempe.
16:59 of 1st period - Alex Killorn is hit by Charlie McAvoy and loses puck.
17:18 of 1st period - Shot by Brandon Hagel.
17:18 of 1st period - Shot Misses the Net.
17:20 of 1st period - Shot by Shea Theodore.
17:20 of 1st period - Stopped by Connor Hellebuyck with a rebound.
17:34 of 1st period - Shot by Aleksander Barkov.
17:34 of 1st period - Stopped by Connor Hellebuyck without a rebound.
17:35 of 1st period - Steven Stamkos wins face-off versus Aleksander Barkov in OTTAWA Senators zone.
17:35 of 1st period - Steven Stamkos is hit by Jared McCann.
18:53 of 1st period - Wyatt Kaiser is hit by Denis Gurianov and loses puck.
19:08 of 1st period - Shot by Denis Gurianov.
19:08 of 1st period - Stopped by Connor Hellebuyck without a rebound.
19:09 of 1st period - Frederick Gaudreau wins face-off versus Josh Norris in OTTAWA Senators zone.
19:09 of 1st period - Alex Killorn is hit by Charlie McAvoy and loses puck.
19:38 of 1st period - Zach Werenski is hit by Brandon Hagel and loses puck.
Goals for this period are 0 for OTTAWA Senators vs 3 for WASHINGTON Capitals.
Shots for this period are 3 for OTTAWA Senators vs 12 for WASHINGTON Capitals.
0:00 of 2nd period - Icing by Charlie McAvoy.

2nd period


0:01 of 2nd period - John Tavares wins face-off versus Frederick Gaudreau in neutral zone.
0:16 of 2nd period - Shot by Steven Stamkos.
0:16 of 2nd period - Shot Misses the Net.
0:18 of 2nd period - Shot by Alex Tuch.
0:18 of 2nd period - Deflect By John Tavares.
0:18 of 2nd period - Shot Misses the Net.
0:20 of 2nd period - Shot by Cale Makar.
0:20 of 2nd period - Stopped by Jordan Binnington without a rebound.
0:21 of 2nd period - Martin Necas wins face-off versus Aleksander Barkov in WASHINGTON Capitals zone.
0:34 of 2nd period - Nikita Kucherov is hit by Adrian Kempe and loses puck.
0:57 of 2nd period - Shot by Nikita Kucherov.
0:57 of 2nd period - Shot Misses the Net.
1:03 of 2nd period - Shot by Aleksander Barkov.
1:03 of 2nd period - Stopped by Connor Hellebuyck without a rebound.
1:04 of 2nd period - Frederick Gaudreau wins face-off versus John Tavares in OTTAWA Senators zone.
1:24 of 2nd period - Shot by Frederick Gaudreau.
1:24 of 2nd period - Stopped by Connor Hellebuyck with a rebound.
2:03 of 2nd period - Evan Bouchard is hit by Brandon Hagel and loses puck.
2:20 of 2nd period - Wyatt Kaiser is hit by Denis Gurianov and loses puck.
2:28 of 2nd period - Icing by Robert Thomas.
2:29 of 2nd period - Filip Chytil wins face-off versus Aleksander Barkov in OTTAWA Senators zone.
2:35 of 2nd period - Filip Chytil is hit by Nick Jensen and loses puck.
3:22 of 2nd period - Andreas Johnsson is hit by Martin Necas and loses puck.
4:09 of 2nd period - Shot by Steven Stamkos.
4:09 of 2nd period - Stopped by Jordan Binnington without a rebound.
4:10 of 2nd period - Frederick Gaudreau wins face-off versus Owen Tippett in WASHINGTON Capitals zone.
4:17 of 2nd period - Shot by Frederick Gaudreau.
4:17 of 2nd period - Deflect By Brandon Hagel.
4:17 of 2nd period - Shot Hit the Post.
5:14 of 2nd period - Off-side.
5:15 of 2nd period - Filip Chytil wins face-off versus Aleksander Barkov in neutral zone.
5:52 of 2nd period - Shot by Robert Thomas.
5:52 of 2nd period - Stopped by Jordan Binnington without a rebound.
5:53 of 2nd period - John Tavares wins face-off versus Mikey Eyssimont in WASHINGTON Capitals zone.
5:56 of 2nd period - Shot by Steven Stamkos.
5:56 of 2nd period - Shot Blocked by Slater Koekkoek.
6:28 of 2nd period - Shot by John Tavares.
6:28 of 2nd period - Shot Misses the Net.
6:35 of 2nd period - Steven Stamkos is hit by Sean Walker and loses puck.
7:09 of 2nd period - Martin Necas is hit by Sean Walker and loses puck.
7:16 of 2nd period - Shot by Josh Norris.
7:16 of 2nd period - Shot Misses the Net.
7:18 of 2nd period - Shot by Martin Necas.
7:18 of 2nd period - Stopped by Jordan Binnington with a rebound.
7:20 of 2nd period - Shot by Martin Necas.
7:20 of 2nd period - Shot Misses the Net.
7:38 of 2nd period - Shot by Robert Thomas.
7:38 of 2nd period - Goal by Robert Thomas - OTTAWA Senators : 1 - WASHINGTON Capitals : 3.
7:39 of 2nd period - Filip Chytil wins face-off versus Aleksander Barkov in neutral zone.
8:06 of 2nd period - Shot by Zach Werenski.
8:06 of 2nd period - Shot Hit the Post.
8:14 of 2nd period - Robert Thomas is hit by Nikita Kucherov and loses puck.
8:19 of 2nd period - Shot by Jared McCann.
8:19 of 2nd period - Goal by Jared McCann - OTTAWA Senators : 1 - WASHINGTON Capitals : 4.
8:19 of 2nd period - Filip Gustavsson enters game.
8:20 of 2nd period - John Tavares wins face-off versus Frederick Gaudreau in neutral zone.
9:18 of 2nd period - Off-side.
9:19 of 2nd period - Josh Norris wins face-off versus Nikita Kucherov in neutral zone.
10:04 of 2nd period - Shot by Martin Necas.
10:04 of 2nd period - Stopped by Jordan Binnington without a rebound.
10:05 of 2nd period - Dryden Hunt wins face-off versus Filip Chytil in WASHINGTON Capitals zone.
10:32 of 2nd period - Robert Thomas is hit by Sean Walker and loses puck.
10:39 of 2nd period - Shot by Robert Thomas.
10:39 of 2nd period - Shot Misses the Net.
10:43 of 2nd period - Shot by Robert Thomas.
10:43 of 2nd period - Shot Blocked by Sean Walker.
11:00 of 2nd period - Sean Walker is hit by Travis Sanheim and loses puck.
11:20 of 2nd period - Steven Stamkos is hit by Sean Walker and loses puck.
11:29 of 2nd period - Shot by Cale Makar.
11:29 of 2nd period - Shot Blocked by Sean Walker.
11:31 of 2nd period - Shot by Steven Stamkos.
11:31 of 2nd period - Stopped by Jordan Binnington with a rebound.
12:27 of 2nd period - Shot by Adrian Kempe.
12:27 of 2nd period - Stopped by Jordan Binnington with a rebound.
12:44 of 2nd period - Icing by Evan Bouchard.
12:45 of 2nd period - Mark Kastelic wins face-off versus Aleksander Barkov in OTTAWA Senators zone.
13:00 of 2nd period - Haydn Fleury is hit by Mark Kastelic and loses puck.
13:13 of 2nd period - Shot by Nikita Kucherov.
13:13 of 2nd period - Stopped by Filip Gustavsson without a rebound.
13:13 of 2nd period - Minor Penalty to Filip Gustavsson for Delaying the game.
13:14 of 2nd period - Frederick Gaudreau wins face-off versus John Tavares in OTTAWA Senators zone.
13:43 of 2nd period - Shot by Joel Hanley.
13:43 of 2nd period - Shot Blocked by Alex Tuch.
13:45 of 2nd period - Shot by Shea Theodore.
13:45 of 2nd period - Shot Misses the Net.
13:47 of 2nd period - Shot by Frederick Gaudreau.
13:47 of 2nd period - Shot Misses the Net.
14:29 of 2nd period - Jared McCann is hit by Zach Werenski and loses puck.
14:41 of 2nd period - Icing by Nikita Kucherov.
14:42 of 2nd period - Aleksander Barkov wins face-off versus John Tavares in WASHINGTON Capitals zone.
14:46 of 2nd period - Off-side.
14:47 of 2nd period - Frederick Gaudreau wins face-off versus John Tavares in neutral zone.
14:52 of 2nd period - Shot by Joel Hanley.
14:52 of 2nd period - Shot Misses the Net.
14:54 of 2nd period - Shot by Joel Hanley.
14:54 of 2nd period - Shot Misses the Net.
14:56 of 2nd period - Shot by Joel Hanley.
14:56 of 2nd period - Stopped by Filip Gustavsson without a rebound.
14:57 of 2nd period - Frederick Gaudreau wins face-off versus John Tavares in OTTAWA Senators zone.
17:13 of 2nd period - Shot by Steven Stamkos.
17:13 of 2nd period - Stopped by Jordan Binnington without a rebound.
17:14 of 2nd period - Aleksander Barkov wins face-off versus Mark Kastelic in WASHINGTON Capitals zone.
17:14 of 2nd period - Aleksander Barkov is hit by Mark Kastelic.
17:25 of 2nd period - Owen Tippett is hit by Nick Jensen.
17:39 of 2nd period - Shot by Peyton Krebs.
17:39 of 2nd period - Stopped by Jordan Binnington without a rebound.
17:40 of 2nd period - Frederick Gaudreau wins face-off versus John Tavares in WASHINGTON Capitals zone.
17:45 of 2nd period - Alex Tuch is hit by Brandon Hagel and loses puck.
18:06 of 2nd period - Icing by Steven Stamkos.
18:07 of 2nd period - Aleksander Barkov wins face-off versus John Tavares in OTTAWA Senators zone.
18:12 of 2nd period - Shot by Nikita Kucherov.
18:12 of 2nd period - Shot Blocked by Wyatt Kaiser.
18:14 of 2nd period - Shot by Nikita Kucherov.
18:14 of 2nd period - Goal by Nikita Kucherov - OTTAWA Senators : 1 - WASHINGTON Capitals : 5.
18:15 of 2nd period - Aleksander Barkov wins face-off versus Josh Norris in neutral zone.
18:37 of 2nd period - Martin Necas is hit by Nick Jensen and loses puck.
18:46 of 2nd period - Shot by Josh Norris.
18:46 of 2nd period - Shot Misses the Net.
18:48 of 2nd period - Shot by Adrian Kempe.
18:48 of 2nd period - Shot Misses the Net.
18:50 of 2nd period - Shot by Cale Makar.
18:50 of 2nd period - Stopped by Jordan Binnington without a rebound.
18:51 of 2nd period - John Tavares wins face-off versus Frederick Gaudreau in WASHINGTON Capitals zone.
19:14 of 2nd period - Shot by Frederick Gaudreau.
19:14 of 2nd period - Shot Misses the Net.
19:21 of 2nd period - Off-side.
19:22 of 2nd period - Mikey Eyssimont wins face-off versus Robert Thomas in neutral zone.
19:31 of 2nd period - Andreas Johnsson is hit by Barrett Hayton and loses puck.
19:57 of 2nd period - Icing by Joel Hanley.
19:58 of 2nd period - John Tavares wins face-off versus Mikey Eyssimont in WASHINGTON Capitals zone.
19:58 of 2nd period - John Tavares is hit by Nick Jensen.
Goals for this period are 1 for OTTAWA Senators vs 2 for WASHINGTON Capitals.
Shots for this period are 11 for OTTAWA Senators vs 6 for WASHINGTON Capitals.

3rd period


0:01 of 3rd period - Steven Stamkos wins face-off versus Aleksander Barkov in neutral zone.
0:30 of 3rd period - Shot by Cale Makar.
0:30 of 3rd period - Stopped by Jordan Binnington with a rebound.
0:33 of 3rd period - Icing by Haydn Fleury.
0:34 of 3rd period - Josh Norris wins face-off versus Aleksander Barkov in WASHINGTON Capitals zone.
0:50 of 3rd period - Icing by Shea Theodore.
0:51 of 3rd period - Aleksander Barkov wins face-off versus Filip Chytil in WASHINGTON Capitals zone.
1:02 of 3rd period - Shot by Robert Thomas.
1:02 of 3rd period - Shot Blocked by Haydn Fleury.
1:15 of 3rd period - Off-side.
1:16 of 3rd period - John Tavares wins face-off versus Frederick Gaudreau in neutral zone.
2:09 of 3rd period - Shot by Slater Koekkoek.
2:09 of 3rd period - Shot Blocked by Travis Sanheim.
2:11 of 3rd period - Shot by Denis Gurianov.
2:11 of 3rd period - Shot Misses the Net.
3:11 of 3rd period - Shot by Adrian Kempe.
3:11 of 3rd period - Stopped by Jordan Binnington with a rebound.
3:13 of 3rd period - Shot by Josh Norris.
3:13 of 3rd period - Stopped by Jordan Binnington without a rebound.
3:14 of 3rd period - Dryden Hunt wins face-off versus Filip Chytil in WASHINGTON Capitals zone.
3:21 of 3rd period - Shot by Robert Thomas.
3:21 of 3rd period - Deflect By Filip Chytil.
3:21 of 3rd period - Stopped by Jordan Binnington without a rebound.
3:22 of 3rd period - Aleksander Barkov wins face-off versus Filip Chytil in WASHINGTON Capitals zone.
3:45 of 3rd period - Shot by Jared McCann.
3:45 of 3rd period - Shot Misses the Net.
3:57 of 3rd period - Shot by Jared McCann.
3:57 of 3rd period - Shot Misses the Net.
3:59 of 3rd period - Shot by Nikita Kucherov.
3:59 of 3rd period - Stopped by Filip Gustavsson without a rebound.
4:00 of 3rd period - Josh Norris wins face-off versus Frederick Gaudreau in OTTAWA Senators zone.
4:20 of 3rd period - Frederick Gaudreau is hit by Josh Norris and loses puck.
5:15 of 3rd period - Shot by John Tavares.
5:15 of 3rd period - Stopped by Jordan Binnington without a rebound.
5:16 of 3rd period - Filip Chytil wins face-off versus Aleksander Barkov in WASHINGTON Capitals zone.
5:23 of 3rd period - Shot by Filip Chytil.
5:23 of 3rd period - Shot Blocked by Shea Theodore.
5:35 of 3rd period - Shot by Shea Theodore.
5:35 of 3rd period - Shot Misses the Net.
5:41 of 3rd period - Shot by Filip Chytil.
5:41 of 3rd period - Stopped by Jordan Binnington with a rebound.
5:48 of 3rd period - Icing by Shea Theodore.
5:49 of 3rd period - Aleksander Barkov wins face-off versus John Tavares in WASHINGTON Capitals zone.
5:49 of 3rd period - Minor Penalty to John Tavares for Hooking.
5:50 of 3rd period - Frederick Gaudreau wins face-off versus Peyton Krebs in OTTAWA Senators zone.
5:55 of 3rd period - Shot by Denis Gurianov.
5:55 of 3rd period - Shot Misses the Net.
6:01 of 3rd period - Shot by Brandon Hagel.
6:01 of 3rd period - Shot Blocked by Alex Tuch.
6:26 of 3rd period - Denis Gurianov is hit by Travis Sanheim and loses puck.
6:29 of 3rd period - Shot by Shea Theodore.
6:29 of 3rd period - Shot Hit the Post.
6:31 of 3rd period - Shot by Joel Hanley.
6:31 of 3rd period - Deflect By Frederick Gaudreau.
6:31 of 3rd period - Shot Misses the Net.
6:51 of 3rd period - Shot by Haydn Fleury.
6:51 of 3rd period - Stopped by Filip Gustavsson with a rebound.
6:53 of 3rd period - Shot by Jared McCann.
6:53 of 3rd period - Shot Blocked by Charlie McAvoy.
7:20 of 3rd period - Shot by Nikita Kucherov.
7:20 of 3rd period - Shot Blocked by Travis Sanheim.
7:51 of 3rd period - Shot by Slater Koekkoek.
7:51 of 3rd period - Shot Misses the Net.
7:53 of 3rd period - Shot by Sean Walker.
7:53 of 3rd period - Shot Misses the Net.
7:55 of 3rd period - Shot by Slater Koekkoek.
7:55 of 3rd period - Stopped by Filip Gustavsson without a rebound.
7:56 of 3rd period - Filip Chytil wins face-off versus Dryden Hunt in OTTAWA Senators zone.
8:05 of 3rd period - Shot by Joel Kiviranta.
8:05 of 3rd period - Stopped by Filip Gustavsson without a rebound.
8:06 of 3rd period - Dryden Hunt wins face-off versus Mark Kastelic in OTTAWA Senators zone.
8:15 of 3rd period - Joel Kiviranta is hit by Mark Kastelic and loses puck.
9:27 of 3rd period - Shot by John Tavares.
9:27 of 3rd period - Deflect By Alex Tuch.
9:27 of 3rd period - Stopped by Jordan Binnington with a rebound.
9:29 of 3rd period - Shot by Cale Makar.
9:29 of 3rd period - Deflect By John Tavares.
9:29 of 3rd period - Stopped by Jordan Binnington with a rebound.
9:31 of 3rd period - Shot by Alex Tuch.
9:31 of 3rd period - Goal by Alex Tuch - OTTAWA Senators : 2 - WASHINGTON Capitals : 5.
9:32 of 3rd period - Josh Norris wins face-off versus Frederick Gaudreau in neutral zone.
9:55 of 3rd period - Shot by Martin Necas.
9:55 of 3rd period - Shot Misses the Net.
9:57 of 3rd period - Shot by Charlie McAvoy.
9:57 of 3rd period - Stopped by Jordan Binnington with a rebound.
10:05 of 3rd period - Shot by Josh Norris.
10:05 of 3rd period - Shot Misses the Net.
10:28 of 3rd period - Joel Hanley is hit by Evan Bouchard.
11:06 of 3rd period - Aleksander Barkov is hit by Barrett Hayton and loses puck.
11:27 of 3rd period - Shot by Steven Stamkos.
11:27 of 3rd period - Shot Misses the Net.
11:29 of 3rd period - Shot by Alex Tuch.
11:29 of 3rd period - Shot Blocked by Shea Theodore.
11:31 of 3rd period - Shot by Alex Tuch.
11:31 of 3rd period - Shot Misses the Net.
11:39 of 3rd period - Shot by John Tavares.
11:39 of 3rd period - Shot Misses the Net.
11:41 of 3rd period - Shot by Cale Makar.
11:41 of 3rd period - Goal by Cale Makar - OTTAWA Senators : 3 - WASHINGTON Capitals : 5.
11:42 of 3rd period - Mark Kastelic wins face-off versus Mikey Eyssimont in neutral zone.
11:56 of 3rd period - Shot by Mark Kastelic.
11:56 of 3rd period - Shot Blocked by Sean Walker.
11:58 of 3rd period - Shot by Mark Kastelic.
11:58 of 3rd period - Stopped by Jordan Binnington with a rebound.
12:11 of 3rd period - Icing by Sean Walker.
12:12 of 3rd period - Mikey Eyssimont wins face-off versus John Tavares in WASHINGTON Capitals zone.
12:21 of 3rd period - Shot by Mikey Eyssimont.
12:21 of 3rd period - Shot Misses the Net.
12:24 of 3rd period - Icing by Cale Makar.
12:25 of 3rd period - Alex Killorn wins face-off versus John Tavares in OTTAWA Senators zone.
12:43 of 3rd period - Shot by Brandon Hagel.
12:43 of 3rd period - Shot Misses the Net.
12:45 of 3rd period - Shot by Brandon Hagel.
12:45 of 3rd period - Shot Misses the Net.
12:47 of 3rd period - Shot by Joel Hanley.
12:47 of 3rd period - Stopped by Filip Gustavsson without a rebound.
12:48 of 3rd period - Josh Norris wins face-off versus Aleksander Barkov in OTTAWA Senators zone.
13:07 of 3rd period - Shot by Martin Necas.
13:07 of 3rd period - Shot Blocked by Shea Theodore.
13:17 of 3rd period - Shot by Aleksander Barkov.
13:17 of 3rd period - Shot Blocked by Josh Norris.
13:19 of 3rd period - Shot by Nikita Kucherov.
13:19 of 3rd period - Stopped by Filip Gustavsson without a rebound.
13:20 of 3rd period - John Tavares wins face-off versus Frederick Gaudreau in OTTAWA Senators zone.
13:49 of 3rd period - Shot by Frederick Gaudreau.
13:49 of 3rd period - Shot Blocked by Travis Sanheim.
13:51 of 3rd period - Shot by Frederick Gaudreau.
13:51 of 3rd period - Shot Misses the Net.
13:56 of 3rd period - Shot by Frederick Gaudreau.
13:56 of 3rd period - Stopped by Filip Gustavsson without a rebound.
13:57 of 3rd period - Aleksander Barkov wins face-off versus Josh Norris in OTTAWA Senators zone.
14:59 of 3rd period - Shot by Denis Gurianov.
14:59 of 3rd period - Shot Misses the Net.
15:17 of 3rd period - Icing by Travis Sanheim.
15:18 of 3rd period - Frederick Gaudreau wins face-off versus John Tavares in OTTAWA Senators zone.
15:27 of 3rd period - John Tavares is hit by Alex Killorn and loses puck.
15:35 of 3rd period - Steven Stamkos is hit by Joel Hanley and loses puck.
16:36 of 3rd period - Shot by Nikita Kucherov.
16:36 of 3rd period - Stopped by Filip Gustavsson without a rebound.
16:37 of 3rd period - Josh Norris wins face-off versus Aleksander Barkov in OTTAWA Senators zone.
16:37 of 3rd period - Josh Norris is hit by Jared McCann.
16:44 of 3rd period - Minor Penalty to Aleksander Barkov for Hooking.
16:45 of 3rd period - Martin Necas wins face-off versus Jared McCann in WASHINGTON Capitals zone.
16:52 of 3rd period - Shot by Cale Makar.
16:52 of 3rd period - Stopped by Jordan Binnington without a rebound.
16:53 of 3rd period - Adrian Kempe wins face-off versus Frederick Gaudreau in WASHINGTON Capitals zone.
17:16 of 3rd period - Shot by Cale Makar.
17:16 of 3rd period - Shot Misses the Net.
17:18 of 3rd period - Shot by Adrian Kempe.
17:18 of 3rd period - Shot Blocked by Haydn Fleury.
17:33 of 3rd period - Icing by Charlie McAvoy.
17:34 of 3rd period - Jared McCann wins face-off versus Martin Necas in OTTAWA Senators zone.
18:01 of 3rd period - Shot by John Tavares.
18:01 of 3rd period - Shot Blocked by Haydn Fleury.
18:03 of 3rd period - Shot by Alex Tuch.
18:03 of 3rd period - Stopped by Jordan Binnington with a rebound.
18:05 of 3rd period - Shot by Zach Werenski.
18:05 of 3rd period - Stopped by Jordan Binnington without a rebound.
18:06 of 3rd period - John Tavares wins face-off versus Frederick Gaudreau in WASHINGTON Capitals zone.
18:23 of 3rd period - Shot by Steven Stamkos.
18:23 of 3rd period - Stopped by Jordan Binnington without a rebound.
18:24 of 3rd period - Frederick Gaudreau wins face-off versus Martin Necas in WASHINGTON Capitals zone.
18:33 of 3rd period - Frederick Gaudreau is hit by Adrian Kempe and loses puck.
18:58 of 3rd period - Shot by Owen Tippett.
18:58 of 3rd period - Shot Misses the Net.
19:29 of 3rd period - Minor Penalty to Evan Bouchard for Roughing.
19:30 of 3rd period - Frederick Gaudreau wins face-off versus John Tavares in OTTAWA Senators zone.
19:35 of 3rd period - Shot by Joel Hanley.
19:35 of 3rd period - Shot Misses the Net.
19:37 of 3rd period - Shot by Brandon Hagel.
19:37 of 3rd period - Deflect By Frederick Gaudreau.
19:37 of 3rd period - Shot Misses the Net.
19:45 of 3rd period - Shot by Denis Gurianov.
19:45 of 3rd period - Shot Misses the Net.
19:47 of 3rd period - Shot by Shea Theodore.
19:47 of 3rd period - Shot Misses the Net.
19:49 of 3rd period - Shot by Denis Gurianov.
19:49 of 3rd period - Stopped by Filip Gustavsson without a rebound.
19:50 of 3rd period - John Tavares wins face-off versus Aleksander Barkov in OTTAWA Senators zone.
Goals for this period are 2 for OTTAWA Senators vs 0 for WASHINGTON Capitals.
Shots for this period are 16 for OTTAWA Senators vs 9 for WASHINGTON Capitals.